 Dungeon Crawl Stone Soup version 0.28.0 (webtiles) character file.

Game seed: 521811288096339353

382 Anothat the Shield-Bearer (level 7, -1/49 (55) HPs)
             Began as a Formicid Fighter on Feb 12, 2022.
             Slain by a lemure (6 damage)
             ... led by Pikel
             ... on level 5 of the Dungeon.
             The game lasted 00:05:00 (3339 turns).

Anothat the Shield-Bearer (Formicid Fighter)        Turns: 3339, Time: 00:05:00

HP:   -1/49 (55)    AC:  9    Str: 22    XL:     7   Next: 5%
MP:   7/7           EV:  7    Int:  8    God:
Gold: 103           SH:  5    Dex: 10    Spells: 6/6 levels left

rFire   . . .      SeeInvis +   d - +0 scythe
rCold   . . .      Faith    .   c - +0 buckler
rNeg    . . .      Spirit   .   m - +0 chain mail
rPois   .          Reflect  .   (helmet unavailable)
rElec   .          Harm     .   (no cloak)
rCorr   .          Rampage  .   (no gloves)
Will    .....                   (no boots)
Stlth   ..........              (no amulet)
HPRegen 0.16/turn               (no ring)
MPRegen 0.10/turn               (no ring)

@: flying, heavily drained
A: permanent stasis, dig shafts and tunnels, antennae 3, four strong arms
a: Dig, Shaft Self


You were on level 5 of the Dungeon.
You visited 1 branch of the dungeon, and saw 5 of its levels.

You collected 103 gold pieces.

Inventory:

Hand Weapons
 a - a +1 trident of electrocution
 d - a +0 scythe (weapon)
Armour
 b - a +0 scale mail
 c - a +0 buckler (worn)
 k - the +2 leather armour of the Comet {+Inv rF+}
   (You found it on level 2 of the Dungeon)

   rF:        It protects you from fire.
   +Inv:      It lets you turn invisible.
 m - a +0 chain mail (worn)
Wands
 n - a wand of digging (5)
 r - a wand of acid (8)
Scrolls
 e - a scroll of noise
 g - 2 scrolls of identify
 i - a scroll of fog
 o - a scroll of enchant weapon
 t - a scroll of amnesia {unknown}
 u - a scroll of magic mapping {unknown}
Potions
 f - 3 potions of magic
 h - a potion of berserk rage {unknown}
 j - a potion of cancellation {unknown}
 p - 2 potions of degeneration
 q - a potion of flight
 s - a potion of ambrosia {unknown}
 v - a potion of lignification {unknown}


   Skills:
 + Level 4.9 Fighting
 + Level 3.8 Polearms
 + Level 4.9 Armour
 + Level 5.4 Shields


You had 6 spell levels left.
You didn't know any spells.
Your spell library contained the following spells:

 Spells                   Type           Power      Damage    Failure   Level
 Sandblast                Erth           0%         2d4       99%         1
 Passwall                 Tmut/Erth      0%         N/A       99%         2
 Gell's Gravitas          Tloc           0%         N/A       100%        3
 Lesser Beckoning         Tloc           0%         N/A       100%        3
 Stone Arrow              Conj/Erth      0%         3d7       100%        3
 Teleport Other           Tloc           0%         N/A       100%        3


Dungeon Overview and Level Annotations

Branches:
Dungeon (5/15)
 Temple: D:4-7

Altars:
Xom

Shops:
D:4 [:

Annotations:
D:4 Pikel


Innate Abilities, Weirdness & Mutations

You cannot be hasted, slowed, berserked, paralysed or teleported.
You can dig through walls and to a lower floor.
You have a pair of large antennae on your head. (SInv)
Your four strong arms can wield two-handed weapons with a shield.


Message History

You barely miss the lemure. The lemure hits you. The adder bites you.
You block the lemure's attack. The adder bites you.
You barely miss the lemure. The adder misses you. The lemure barely misses you.
The adder bites you.
You are poisoned.
The adder poisons you! The lemure hits you. You block the adder's attack.
Okay, then.
You extend your mandibles.
You dig through the rock wall.
You feel drained.
You feel sick.
Pikel zaps a wand.
Your stasis prevents you from being paralysed.
You dig through the rock wall.
You feel drained.
A centaur comes into view.
You feel sick.
The centaur shouts!
You retract your mandibles.
You feel sick.
The centaur wields a +0 shortbow.
The centaur shoots an arrow.
The arrow hits you but does no damage.
The centaur shoots an arrow.
The arrow hits you!
You feel sick. The lemure hits you. The adder bites you but does no damage.
You extend your mandibles.
You dig through the rock wall.
You feel drained.
You feel sick.
The centaur shoots an arrow.
The arrow hits you!
* * * LOW HITPOINT WARNING * * *
You retract your mandibles.
You feel sick.
Okay, then.
You feel better. The lemure barely misses you.
The centaur shoots an arrow.
The arrow hits you!
* * * LOW HITPOINT WARNING * * *
The centaur shoots an arrow.
You block the arrow.
The centaur shoots an arrow.
The arrow hits you but does no damage.
There is a stone staircase leading down here.
The lemure hits you but does no damage.
Pikel zaps a wand.
You easily resist.
You climb downwards.
Found a mace.
There is a stone staircase leading up here.
Okay, then.
It was a potion of flight.
You feel very buoyant.
You fly up into the air.
The lemure hits you.
You die...

###
..#
#.#
#.#
#5#
{
#@#
###


You could see a lemure.

Vanquished Creatures
  Sigmund (D:4)
  Jessica (D:2)
  Ijyb (D:4)
  Terence (D:2)
  2 iguanas
  A hound skeleton (D:4)
  2 adders
  A white imp (D:4)
  2 adder skeletons (D:4)
  2 worms
  A dart slug (D:3)
  9 bats
  4 endoplasms
  A giant cockroach (D:3)
  4 goblins
  A hobgoblin (D:2)
  5 kobolds
  2 quokkas
  3 ball pythons
  4 frilled lizards
  7 rats
55 creatures vanquished.

Notes
Turn   | Place    | Note
-------+----------+-------------------------------------------
     0 | D:1      | Anothat the Formicid Fighter began the quest for the Orb.
     0 | D:1      | Reached XP level 1. HP: 18/18 MP: 1/1
   222 | D:1      | Found a faded altar of an unknown god.
   393 | D:1      | Reached XP level 2. HP: 24/24 MP: 2/2
   868 | D:2      | Noticed Terence
   876 | D:2      | Killed Terence
   877 | D:2      | Reached skill level 4 in Shields
   877 | D:2      | Reached XP level 3. HP: 13/30 MP: 3/3
  1145 | D:2      | Identified the +2 leather armour of the Comet {+Inv rF+}
  1264 | D:2      | Noticed Jessica
  1267 | D:2      | Killed Jessica
  1268 | D:2      | Reached XP level 4. HP: 37/37 MP: 4/4
  2328 | D:3      | Reached XP level 5. HP: 32/42 MP: 5/5
  2756 | D:3      | Found a shimmering altar of Xom.
  2803 | D:4      | Noticed Sigmund
  2859 | D:4      | Found Qarub's Armour Emporium.
  2929 | D:4      | Killed Sigmund
  2930 | D:4      | Reached skill level 5 in Shields
  2930 | D:4      | Reached XP level 6. HP: 30/50 MP: 6/6
  3047 | D:4      | Noticed Ijyb
  3054 | D:4      | Killed Ijyb
  3117 | D:4      | Reached XP level 7. HP: 47/55 MP: 7/7
  3318 | D:4      | Noticed Pikel
  3319 | D:4      | Found Visoil's Self-Improvement Boutique.
  3338 | D:5      | Entered Level 5 of the Dungeon
  3339 | D:5      | Slain by a lemure

Illustrated notes

Levels and vault maps discovered:
D:1:      amcnicky_arrival_double_pillar, layout_basic, serial_glass,
          glass_columns_b, glass_columns_a,
          hellmonk_ecumenical_altar_arch_garden
D:2:      layout_basic, serial_aquarium, aquarium_bridge_square
          [aquarium_subvault_bridge, aquarium_subvault_balcony,
          aquarium_subvault_bridge, aquarium_subvault_bridge],
          aquarium_bridge_square [aquarium_subvault_bridge,
          aquarium_subvault_window, aquarium_subvault_wall,
          aquarium_subvault_bridge], aquarium_window_fake,
          aquarium_window_corridor_3, aquarium_view_2a, uniq_terence,
          uniq_jessica
D:3:      layout_rooms, mainiacjoe_overflow_alcove_1
D:4:      layout_cave_pools, zin_academy, serial_shops, shop,
          nicolae_diamond_shop, dk_vineyard_3, nicolae_shop_self_help,
          uniq_sigmund, uniq_ijyb, uniq_pikel, uniq_grinder
D:5:      layout_basic, grunt_temple_overflow_forces_of_nature, temple_green,
          minmay_misc_feat_rugged, due_unseen_surprise

Skill      XL: |  1  2  3  4  5 |
---------------+----------------+-----
Shields        | 4 5 |  5.4
Fighting       | 4 |  4.9
Armour         | 4 |  4.9
Polearms       | 3 |  3.8

Action                   |  1- 3 |  4- 6 |  7- 9 || total
-------------------------+-------+-------+-------++-------
Melee: Trident           |    49 |   105 |       ||   154
       Scythe            |       |    10 |    13 ||    23
 Abil: Dig               |       |       |     2 ||     2
  Use: Scroll            |       |     8 |       ||     8
       Potion            |       |     2 |     2 ||     4
Armor: Scale mail        |    15 |     1 |       ||    16
       Chain mail        |       |    48 |     8 ||    56
Dodge: Dodged            |    16 |    39 |     7 ||    62
Block: Buckler           |    11 |    26 |     7 ||    44
